PCL
SANTA MONICA BRUINS @ DISTRICT 9 PRAWNS
09/25/2025
 
TOP OF THE 1ST
Santa Monica Bruins batting - Pitching for District 9 Prawns : RHP Mike Stabler
Pitching: RHP Mike Stabler
Batting: RHB Pedro Rosado 0-0: Ball
1-0: Ball
2-0: Foul Ball, location: 2F
2-1: Ball
3-1: Foul Ball, location: 2F
3-2: Base on Balls
Batting: RHB Griswold Coleman 0-0: Ball
1-0: Called Strike
Pedro Rosado is caught stealing 2nd base
1-1: Ball
2-1: Foul Ball, location: 2F
2-2: Ball
3-2: Foul Ball, location: 2F
3-2: Foul Ball, location: 2F
3-2: DOUBLE (Flyball, 7D)
Batting: LHB Germán Charfauros 0-0: Ball
1-0: 2-RUN HOME RUN (Flyball, 89XD), Distance : 415 ft
Batting: LHB Brent Alonzo 0-0: Ball
1-0: Foul Ball, location: 2F
1-1: DOUBLE (Line Drive, 78S)
Batting: RHB Phil Matthews 0-0: Ball
1-0: Ball
2-0: Swinging Strike
2-1: Ground out 6-3 (Groundball, 6)
Batting: RHB Luis Martínez 0-0: Ball
1-0: SINGLE (Line Drive, 78S)
Brent Alonzo to third
Runner from 3rd tries for Home, SAFE, no throw or cutoff
Batting: RHB Pablo Peña 0-0: Swinging Strike
0-1: Ball
1-1: Foul Ball, location: 2F
1-2: Ball
2-2: SINGLE (Groundball, 56D)
Luis Martínez to second
Batting: RHB Justin Burgess 0-0: Ball
1-0: Ball
2-0: Called Strike
2-1: Foul Ball, location: 2F
2-2: Fly out, F8 (Flyball, 8RD)
Top of the 1st over - 3 run(s), 5 hit(s), 0 error(s), 2 left on base; Santa Monica 3 - District 9 0
BOTTOM OF THE 1ST
District 9 Prawns batting - Pitching for Santa Monica Bruins : RHP Dave Jackson
Pitching: RHP Dave Jackson
Batting: RHB Félix Sánchez 0-0: Called Strike
0-1: Ball
1-1: Ball
2-1: Foul Ball, location: 2F
2-2: Ball
3-2: Ground out 6-3 (Groundball, 6)
Batting: LHB Pedro Gonzáles 0-0: Ball
1-0: Swinging Strike
1-1: Foul Ball, location: 2F
1-2: Ball
2-2: Foul Ball, location: 2F
2-2: Foul Ball, location: 2F
2-2: Fly out, F9 (Flyball, 8RM)
Batting: RHB Rafael González 0-0: Ball
1-0: Foul Ball, location: 2F
1-1: Foul Ball, location: 2F
1-2: Ball
2-2: Fly out, F7 (Flyball, 7S)
Bottom of the 1st over - 0 run(s), 0 hit(s), 0 error(s), 0 left on base; Santa Monica 3 - District 9 0
TOP OF THE 2ND
Santa Monica Bruins batting - Pitching for District 9 Prawns : RHP Mike Stabler
Batting: RHB Mark Hosley 0-0: Ball
1-0: Foul Ball, location: 2F
1-1: Ball
2-1: Foul Ball, location: 2F
2-2: DOUBLE (Line Drive, 5D)
Batting: RHB Pedro Rosado 0-0: Called Strike
0-1: Swinging Strike
0-2: Strikes out swinging
Batting: RHB Griswold Coleman 0-0: Foul Ball, location: 2F
0-1: Ball
1-1: Called Strike
1-2: Ball
2-2: Ball
3-2: Foul Ball, location: 2F
3-2: Reached on error, E5 (Groundball, 5)
Mark Hosley to third
Batting: LHB Germán Charfauros 0-0: Ball
1-0: Called Strike
1-1: DOUBLE (Line Drive, 8LD)
Mark Hosley scores
Griswold Coleman to third
Runner from 3rd tries for Home, SAFE, throw made home
Batting: LHB Brent Alonzo 0-0: Ground out 6-3 (Groundball, 6)
Batting: RHB Phil Matthews 0-0: Ball
1-0: Foul Ball, location: 2F
1-1: Foul Ball, location: 2F
1-2: SINGLE (Groundball, 56D)
Germán Charfauros to third
Runner from 3rd tries for Home, throw and OUT!
Top of the 2nd over - 2 run(s), 3 hit(s), 1 error(s), 1 left on base; Santa Monica 5 - District 9 0
BOTTOM OF THE 2ND
District 9 Prawns batting - Pitching for Santa Monica Bruins : RHP Dave Jackson
Batting: LHB José Flores 0-0: Ball
1-0: Foul Ball, location: 2F
1-1: Ball
2-1: Ball
3-1: Ground out U3 (Groundball, 3)
Batting: LHB Leonard Harvey 0-0: Ball
1-0: Called Strike
1-1: Ball
2-1: Ball
3-1: Called Strike
3-2: Ground out 4-3 (Groundball, 4M)
Batting: LHB Leonard Young 0-0: SINGLE (Line Drive, 9LS)
Batting: RHB Brian Jackson 0-0: Ball
1-0: Swinging Strike
1-1: Swinging Strike
1-2: Foul Ball, location: 2F
1-2: Foul Ball, location: 2F
1-2: Strikes out looking
Bottom of the 2nd over - 0 run(s), 1 hit(s), 0 error(s), 1 left on base; Santa Monica 5 - District 9 0
TOP OF THE 3RD
Santa Monica Bruins batting - Pitching for District 9 Prawns : RHP Mike Stabler
Batting: RHB Luis Martínez 0-0: Ball
1-0: Ball
2-0: Ball
3-0: Called Strike
3-1: Called Strike
3-2: Fly out, F7 (Flyball, 78XD)
Batting: RHB Pablo Peña 0-0: Swinging Strike
0-1: Ball
1-1: Called Strike
1-2: Strikes out swinging
Batting: RHB Justin Burgess 0-0: Called Strike
0-1: DOUBLE (Line Drive, 7LD)
Batting: RHB Mark Hosley 0-0: Foul Ball, location: 2F
0-1: Ball
1-1: DOUBLE (Flyball, 8LXD)
Justin Burgess scores
Batting: RHB Pedro Rosado 0-0: Foul Ball, location: 2F
0-1: Fly out, F8 (Line Drive, 8LM)
Top of the 3rd over - 1 run(s), 2 hit(s), 0 error(s), 1 left on base; Santa Monica 6 - District 9 0
BOTTOM OF THE 3RD
District 9 Prawns batting - Pitching for Santa Monica Bruins : RHP Dave Jackson
Batting: RHB Tony Guzmán 0-0: Ball
1-0: Ball
2-0: Foul Ball, location: 2F
2-1: DOUBLE (Groundball, 5L)
Batting: RHB Phil Jacobs 0-0: Ground out 4-3 (Groundball, 4)
Tony Guzmán to third
Batting: RHB Félix Sánchez 0-0: Called Strike
0-1: Called Strike
0-2: Ground out 1-3 (Groundball, 2R)
Batting: LHB Pedro Gonzáles 0-0: Ball
1-0: Ball
2-0: SINGLE (Line Drive, 4MD)
Tony Guzmán scores
Batting: RHB Rafael González 0-0: Called Strike
0-1: Called Strike
0-2: Foul Ball, location: 2F
0-2: DOUBLE (Line Drive, 5)
Pedro Gonzáles to third
Runner from 3rd tries for Home, throw and OUT!
Bottom of the 3rd over - 1 run(s), 3 hit(s), 0 error(s), 1 left on base; Santa Monica 6 - District 9 1
TOP OF THE 4TH
Santa Monica Bruins batting - Pitching for District 9 Prawns : RHP Mike Stabler
Batting: RHB Griswold Coleman 0-0: Ball
1-0: Ball
2-0: Swinging Strike
2-1: Called Strike
2-2: Ball
3-2: Foul Ball, location: 2F
3-2: Foul Ball, location: 2F
3-2: Ground out 1-3 (Groundball, 13)
Batting: LHB Germán Charfauros 0-0: Called Strike
0-1: Foul Ball, location: 2F
0-2: Strikes out swinging
Batting: LHB Brent Alonzo 0-0: Swinging Strike
0-1: SINGLE (Groundball, 34D)
Pitching: RHP Doug Adams
Batting: RHB Phil Matthews 0-0: Called Strike
0-1: Foul Ball, location: 2F
0-2: Strikes out swinging
Top of the 4th over - 0 run(s), 1 hit(s), 0 error(s), 1 left on base; Santa Monica 6 - District 9 1
BOTTOM OF THE 4TH
District 9 Prawns batting - Pitching for Santa Monica Bruins : RHP Dave Jackson
Batting: LHB José Flores 0-0: Called Strike
0-1: Ground out U3 (Groundball, 3)
Batting: LHB Leonard Harvey 0-0: Foul Ball, location: 2F
0-1: Foul Ball, location: 2F
0-2: Ball
1-2: SINGLE (Groundball, 4M) (infield hit)
Batting: LHB Leonard Young 0-0: Called Strike
0-1: Ball
1-1: Called Strike
1-2: Strikes out swinging
Batting: RHB Brian Jackson 0-0: Called Strike
0-1: Ball
1-1: Ball
2-1: Hit by Pitch
Leonard Harvey to second
Batting: RHB Tony Guzmán 0-0: Called Strike
0-1: Ball
1-1: Called Strike
1-2: Ball
2-2: Fly out, F3 (Popup, 3DF)
Bottom of the 4th over - 0 run(s), 1 hit(s), 0 error(s), 2 left on base; Santa Monica 6 - District 9 1
TOP OF THE 5TH
Santa Monica Bruins batting - Pitching for District 9 Prawns : RHP Doug Adams
Batting: RHB Luis Martínez 0-0: Foul Ball, location: 2F
0-1: Called Strike
0-2: Ball
1-2: Ball
2-2: Foul Ball, location: 2F
2-2: Ball
3-2: Ground out 5-3 (Groundball, 5)
Batting: RHB Pablo Peña 0-0: Ball
1-0: Ball
2-0: Ball
3-0: Base on Balls
Batting: RHB Justin Burgess 0-0: Ball
1-0: Ball
2-0: Called Strike
2-1: Ball
3-1: Base on Balls
Pablo Peña to second
Batting: RHB Mark Hosley 0-0: Grounds into double play, U5-3 (Groundball, 5L)
Top of the 5th over - 0 run(s), 0 hit(s), 0 error(s), 1 left on base; Santa Monica 6 - District 9 1
BOTTOM OF THE 5TH
District 9 Prawns batting - Pitching for Santa Monica Bruins : RHP Dave Jackson
Batting: RHB Phil Jacobs 0-0: Ball
1-0: Ball
2-0: Called Strike
2-1: Ball
3-1: Swinging Strike
3-2: Strikes out swinging
Batting: RHB Félix Sánchez 0-0: Foul Ball, location: 2F
0-1: Ball
1-1: Ball
2-1: Swinging Strike
2-2: Ball
3-2: Foul Ball, location: 2F
3-2: Strikes out swinging
Batting: LHB Pedro Gonzáles 0-0: Foul Ball, location: 2F
0-1: Called Strike
0-2: SINGLE (Groundball, 5D)
Pitching: LHP Júlio Castillo
Batting: RHB Rafael González 0-0: Foul Ball, location: 2F
0-1: Ground out 1-3 (Groundball, 15)
Bottom of the 5th over - 0 run(s), 1 hit(s), 0 error(s), 1 left on base; Santa Monica 6 - District 9 1
TOP OF THE 6TH
Santa Monica Bruins batting - Pitching for District 9 Prawns : RHP Doug Adams
Batting: RHB Pedro Rosado 0-0: Foul Ball, location: 2F
0-1: Foul Ball, location: 2F
0-2: Ball
1-2: Strikes out looking
Batting: RHB Griswold Coleman 0-0: Foul Ball, location: 2F
0-1: Swinging Strike
0-2: Ball
1-2: Ball
2-2: Ball
3-2: Base on Balls
Pitching: LHP Pedro Valdés
Batting: LHB Germán Charfauros 0-0: Called Strike
0-1: Swinging Strike
0-2: Foul Ball, location: 2F
0-2: Ball
1-2: Ball
2-2: Ball
3-2: Foul Ball, location: 2F
3-2: Base on Balls
Griswold Coleman to second
Batting: LHB Brent Alonzo 0-0: Ball
1-0: Foul Ball, location: 2F
1-1: Grounds into double play, 3-6-1 (Groundball, 3)
Top of the 6th over - 0 run(s), 0 hit(s), 0 error(s), 1 left on base; Santa Monica 6 - District 9 1
BOTTOM OF THE 6TH
District 9 Prawns batting - Pitching for Santa Monica Bruins : LHP Júlio Castillo
Batting: LHB José Flores 0-0: Ball
1-0: Ball
2-0: Foul Ball, location: 2F
2-1: Fly out, F6 (Popup, 6D)
Batting: LHB Leonard Harvey 0-0: Swinging Strike
0-1: Called Strike
0-2: Strikes out looking
Batting: LHB Leonard Young 0-0: Ball
1-0: Foul Ball, location: 2F
1-1: Ball
2-1: Called Strike
2-2: Strikes out looking
Bottom of the 6th over - 0 run(s), 0 hit(s), 0 error(s), 0 left on base; Santa Monica 6 - District 9 1
TOP OF THE 7TH
Santa Monica Bruins batting - Pitching for District 9 Prawns : LHP Pedro Valdés
Batting: RHB Phil Matthews 0-0: Foul Ball, location: 2F
0-1: SINGLE (Groundball, 25) (infield hit)
Batting: RHB Luis Martínez 0-0: Reached on error, E1 (Groundball, 15)
Phil Matthews to second
Batting: RHB Pablo Peña 0-0: Bunted foul
0-1: Sac Bunt - play at first, batter OUT! 1-4
Phil Matthews to third
Luis Martínez to second
Batting: RHB Justin Burgess 0-0: Ball
1-0: Called Strike
1-1: SINGLE (Flyball, 89S)
Phil Matthews scores
Luis Martínez to third
Runner from 3rd tries for Home, throw and OUT!
Justin Burgess to second
Batting: RHB Mark Hosley 0-0: Called Strike
0-1: DOUBLE (Line Drive, 7LS)
Justin Burgess scores
Batting: RHB Pedro Rosado 0-0: Ball
1-0: Ground out 5-3 (Groundball, 56)
Top of the 7th over - 2 run(s), 3 hit(s), 1 error(s), 1 left on base; Santa Monica 8 - District 9 1
BOTTOM OF THE 7TH
District 9 Prawns batting - Pitching for Santa Monica Bruins : LHP Júlio Castillo
Batting: RHB Brian Jackson 0-0: Ball
1-0: Called Strike
1-1: Swinging Strike
1-2: Foul Ball, location: 2F
1-2: Ground out 6-3 (Groundball, 6)
Batting: RHB Tony Guzmán 0-0: Ball
1-0: Ball
2-0: Called Strike
2-1: Ball
3-1: Foul Ball, location: 2F
3-2: Strikes out swinging
Batting: RHB Phil Jacobs 0-0: Ground out 4-3 (Groundball, 4)
Bottom of the 7th over - 0 run(s), 0 hit(s), 0 error(s), 0 left on base; Santa Monica 8 - District 9 1
TOP OF THE 8TH
Santa Monica Bruins batting - Pitching for District 9 Prawns : LHP Pedro Valdés
Batting: RHB Griswold Coleman 0-0: Ball
1-0: Foul Ball, location: 2F
1-1: Ball
2-1: Ball
3-1: Base on Balls
Batting: LHB Germán Charfauros 0-0: Foul Ball, location: 2F
0-1: Foul Ball, location: 2F
0-2: Ball
1-2: Foul Ball, location: 2F
1-2: Foul Ball, location: 2F
1-2: Fly out, F5 (Popup, 5F)
Batting: LHB Brent Alonzo 0-0: Swinging Strike
0-1: Swinging Strike
0-2: Strikes out looking
Batting: RHB Phil Matthews 0-0: Ball
1-0: Ball
2-0: Ball
3-0: Base on Balls
Griswold Coleman to second
Batting: RHB Luis Martínez 0-0: Foul Ball, location: 2F
0-1: Ball
1-1: Ball
2-1: Called Strike
2-2: Foul Ball, location: 2F
2-2: Strikes out swinging
Top of the 8th over - 0 run(s), 0 hit(s), 0 error(s), 2 left on base; Santa Monica 8 - District 9 1
BOTTOM OF THE 8TH
District 9 Prawns batting - Pitching for Santa Monica Bruins : LHP Júlio Castillo
Pitching: RHP Mark Ross
Now in CF: Francisco Castillo
Batting: RHB Félix Sánchez 0-0: Foul Ball, location: 2F
0-1: Called Strike
0-2: Ball
1-2: Ball
2-2: Ground out 1-3 (Groundball, 23)
Batting: LHB Pedro Gonzáles 0-0: Called Strike
0-1: Foul Ball, location: 2F
0-2: Ball
1-2: Ball
2-2: Ground out 4-3 (Groundball, 4M)
Batting: RHB Rafael González 0-0: Fly out, F8 (Flyball, 78D)
Bottom of the 8th over - 0 run(s), 0 hit(s), 0 error(s), 0 left on base; Santa Monica 8 - District 9 1
TOP OF THE 9TH
Santa Monica Bruins batting - Pitching for District 9 Prawns : LHP Pedro Valdés
Pitching: RHP Eduardo Delgado
Batting: RHB Pablo Peña 0-0: Swinging Strike
0-1: Foul Ball, location: 2F
0-2: Strikes out looking
Batting: RHB Justin Burgess 0-0: Ball
1-0: Foul Ball, location: 2F
1-1: Fly out, F9 (Flyball, 9D)
Batting: RHB Mark Hosley 0-0: Ball
1-0: Ball
2-0: Swinging Strike
2-1: Foul Ball, location: 2F
2-2: Ball
3-2: SINGLE (Groundball, 5S) (infield hit)
Batting: RHB Pedro Rosado 0-0: Called Strike
0-1: Ball
1-1: Ball
2-1: Ground out 6-3 (Groundball, 6)
Top of the 9th over - 0 run(s), 1 hit(s), 0 error(s), 1 left on base; Santa Monica 8 - District 9 1
BOTTOM OF THE 9TH
District 9 Prawns batting - Pitching for Santa Monica Bruins : RHP Mark Ross
Batting: LHB José Flores 0-0: Swinging Strike
0-1: DOUBLE (Line Drive, 7LM)
Batting: LHB Leonard Harvey 0-0: Foul Ball, location: 2F
0-1: Fly out, F7 (Flyball, 7D)
Runner from 2nd tags up, SAFE at 3rd, no throw
Batting: LHB Leonard Young 0-0: Ball
1-0: Called Strike
1-1: Ground out U3 (Groundball, 3L)
Batting: RHB Brian Jackson 0-0: Ball
1-0: Ball
2-0: Called Strike
2-1: Ball
3-1: Base on Balls
Batting: RHB Tony Guzmán 0-0: Foul Ball, location: 2F
0-1: Ball
1-1: Ball
2-1: Foul Ball, location: 2F
2-2: Foul Ball, location: 2F
2-2: Fielders Choice at 2nd, U6 (Groundball, 6M)
Bottom of the 9th over - 0 run(s), 1 hit(s), 0 error(s), 2 left on base; Santa Monica 8 - District 9 1
This league is powered by Out of the Park Baseball, the baseball management simulation game for PC, Mac and Linux
Tuesday, August 2nd, 2016 - OOTP Baseball 16.8 Build 38